 Dungeon Crawl Stone Soup version 0.24-a0-809-g71cb82dfb8 (webtiles) character file.

Game seed: 8477043476882034489, levelgen mode: deterministic

17 HumanIsDead the Digger (level 2, -1/21 HPs)
             Began as a Human Earth Elementalist on Oct 11, 2019.
             Slain by a goblin (4 damage)
             ... led by Robin
             ... on level 2 of the Dungeon.
             The game lasted 00:03:43 (1068 turns).

HumanIsDead the Digger (Human Earth Elementalist)   Turns: 1068, Time: 00:03:43

Health: -1/21      AC:  2    Str:  8    XL:     2   Next: 80%
Magic:  5/5        EV: 12    Int: 15    God:
Gold:   97         SH:  0    Dex: 13    Spells: 4/5 levels left

rFire    . . .     SeeInvis .   (no weapon)
rCold    . . .     Gourm    .   (no shield)
rNeg     . . .     Faith    .   c - +0 robe
rPois    .         Spirit   .   (no helmet)
rElec    .         Reflect  .   (no cloak)
rCorr    .         Harm     .   (no gloves)
MR       .....                  (no boots)
Stlth    ++........             (no amulet)
HPRegen  0.07/turn              (no ring)
MPRegen  0.09/turn              (no ring)

@: no status effects
A: no striking features
a: no special abilities


You were on level 2 of the Dungeon.
You were not hungry.

You visited 1 branch of the dungeon, and saw 2 of its levels.

You collected 97 gold pieces.

Inventory:

Missiles
 b - 39 stones (quivered)
 f - 48 sling bullets
Armour
 c - a +0 robe (worn)
Scrolls
 a - a scroll of fog {unknown}
 h - a scroll of remove curse {unknown}
 i - a scroll of teleportation {unknown}
 j - 2 scrolls of identify {unknown}
 l - a scroll of blinking {unknown}
 m - a scroll of magic mapping {unknown}
Potions
 e - a potion of agility {unknown}
 g - a potion of degeneration {unknown}
 k - a potion of lignification {unknown}
 o - a potion of curing {unknown}
Comestibles
 d - a ration
 n - 2 chunks of flesh


   Skills:
 + Level 1.4 Fighting
 - Level 2.0 Dodging
 - Level 2.0 Stealth
 - Level 2.0 Spellcasting
   Level 1.0 Transmutations
 + Level 3.4 Earth Magic


You had 4 spell levels left.
You knew the following spells:

 Your Spells              Type           Power        Failure   Level  Hunger
a - Sandblast             Erth           ##....       5%          1    #......

Your spell library contained the following spells:

 Spells                   Type           Power        Failure   Level  Hunger
 Passwall                 Tmut/Erth      #.......     14%         2    ###....
 Stone Arrow              Conj/Erth      #.....       32%         3    ###....
 Petrify                  Tmut/Erth      #.......     65%         4    #####..
 Lee's Rapid Deconstruct  Erth           ##........   83%         5    ######.


Dungeon Overview and Level Annotations

Branches:
Dungeon (2/15)

Altars:
Cheibriados

Annotations:
D:1 Terence
D:2 Robin


Message History

b - 39 stones A goblin comes into view.
The hobgoblin hits you. The goblin hits you but does no damage.
The hobgoblin hits you.
You see here a goblin corpse.
Robin zaps a wand.
Some rock shatters into small pieces.
You hear a zap.
Some rock shatters into small pieces.
The hobgoblin no longer looks unusually strong. x2
The goblin no longer looks unusually strong.
You hear a zap.
You hear a grinding noise.
Robin throws the goblin at you! The goblin misses you.
You closely miss the goblin. The goblin barely misses you.
The hobgoblin closely misses you.
You closely miss the goblin. The goblin hits you. The hobgoblin hits you.
A hobgoblin comes into view. It is wielding a +0 club.
Robin throws the goblin at you! The goblin hits you.
* * * LOW HITPOINT WARNING * * *
The goblin hits you.
You die...

#..
#####.#################
#.......g....g.........
...#.#.####.g###########
#.#.#.##.......#
#.#.#.#g##.......#
#.#.#.#g##.......#
#.#.#.#g#........#
#.#.#.#g@#.......#
#.#.#.#g##.......#####
#.#>.................
#.#.#.#......##....###
#...#.#..............#
###.#.#.#######[...#.#
#.#.#.# #........#.#
#.#.#.....######<#.####
#.#.############.......


You could see Robin, 3 hobgoblins and 3 goblins.

Vanquished Creatures
  A bat (D:1)
  2 giant cockroaches (D:2)
  3 goblins
  4 hobgoblins
  3 kobolds (D:1)
  A rat (D:1)
14 creatures vanquished.

Notes
Turn   | Place    | Note
-------+----------+-------------------------------------------
     0 | D:1      | HumanIsDead the Human Earth Elementalist began the quest
                  | for the Orb.
     0 | D:1      | Reached XP level 1. HP: 13/13 MP: 3/3
   383 | D:1      | Reached XP level 2. HP: 13/20 MP: 3/5
   421 | D:1      | Reached skill level 1 in Fighting
   677 | D:2      | Noticed Terence
   964 | D:2      | Found a snail-covered altar of Cheibriados.
  1032 | D:2      | Noticed Robin
  1068 | D:2      | Slain by a goblin

Levels and vault maps discovered:
D:1:      onia_arrival_mini_spirals, layout_basic, minmay_misc_feat_cross,
          palyth_stone_intersect
D:2:      layout_basic, cheibriados_altar_1, serial_curves, eino_curves_03,
          eino_curves_01, elyvilon_altar_3, uniq_robin, uniq_terence

Skill      XL: |  1  2 |
---------------+-------+-----
Fighting       | 1 |  1.4
Dodging        | |  2.0
Stealth        | |  2.0
Spellcasting   | |  2.0
Transmutations | |  1.0
Earth Magic    | |  3.4

Action                   || total
-------------------------++-------
Melee: Unarmed           ||    12
 Cast: Sandblast         ||    29
 Stab: Sleeping          ||     1
  Eat: Chunk             ||     1
Armor: Robe              ||     2
Dodge: Dodged            ||    17

Table legend:
 A = Non-vault XP
 B = Vault XP
 C = Vault XP percentage of total XP
 D = Non-vault monster count
 E = Vault monster count
 F = Vault count percentage of total count
                 A         B        C        D         E       F
            +---------+---------+-------+---------+---------+-------
      Total |      23 |       2 |   8.0 |      13 |       1 |   7.1
            +---------+---------+-------+---------+---------+-------
        D:1 |      17 |       0 |   0.0 |      10 |       0 |   0.0
        D:2 |       6 |       2 |  25.0 |       3 |       1 |  25.0
            +---------+---------+-------+---------+---------+-------
